Map: Orbital Shipyard

Players

나영나영 - Winner!

  • Race: Terran Terran
  • League: Diamond

ILLBdA

  • Race: Protoss Protoss
  • League: Diamond

VOD

Have the link to the VOD?

Description

Time

  • Played on: Dec. 27, 2015, 6:55 a.m.
  • Length: 15:44
Show
View Real Time Build Order
Export as new Build Order

나영나영 Terran - Winner!

Build Orders: 1/1/1, Liberator Opening, MMM Bio 

Get SALT Encoding   

  12  0:00  SCV  
  13  0:12  SCV  
  14  0:21  Supply Depot  
  14  0:25  SCV  
  15  0:30  Refinery  
  15  0:42  SCV  
  16  0:46  Barracks  
  16  0:54  SCV  
  17  1:06  SCV  
  18  1:18  SCV  
  19  1:35  Factory, Marine  
  19  1:36  Orbital Command  
  20  1:48  Supply Depot  
  20  1:53  Marine  
  21  2:01  SCV  
  22  2:11  Marine  
  22  2:13  SCV  
  24  2:21  Starport  
  24  2:27  SCV  
  24  2:28  Marine  
  24  2:29  Refinery  
  28  2:32  Factory Reactor  
  26  2:39  Supply Depot, SCV  
  27  2:46  Marine  
  28  2:59  SCV  
  28  3:04  Supply Depot, Marine  
  30  3:08  Widow Mine x2  
  34  3:13  SCV  
  34  3:15  Medivac  
  36  3:25  SCV  
  35  3:36  Marine  
  34  3:42  Liberator  
  34  3:49  Command Center  
  34  3:50  SCV  
  34  3:53  Widow Mine  
  34  3:54  Marine  
  38  3:56  Barracks  
  41  4:03  SCV, Widow Mine  
  45  4:20  Barracks Tech Lab  
  45  4:21  Supply Depot  
  45  4:24  Widow Mine  
  46  4:32  SCV  
  46  4:36  Supply Depot  
  47  4:42  Widow Mine  
  47  4:44  SCV, Starport Reactor  
  47  4:45  Barracks Reactor  
  50  4:53  Marine  
  50  4:55  Refinery  
  50  4:56  SCV  
  52  5:02  Engineering Bay  
  52  5:05  Orbital Command  
  52  5:09  SCV  
  52  5:11  Marine  
  54  5:21  SCV  
  51  5:29  Marine  
  50  5:37  Marine x2  
  50  5:42  Missile Turret x2  
  52  5:43  SCV  
  52  5:44  SCV  
  52  5:47  Widow Mine, Marine  
  55  5:55  SCV, Marine  
  55  5:56  SCV  
  58  6:01  Stimpack  
  58  6:03  Terran Infantry Weapons Level 1  
  58  6:04  Marine  
  58  6:08  SCV x2, Widow Mine  
  63  6:14  Refinery  
  63  6:19  Engineering Bay  
  63  6:20  SCV x2  
  63  6:22  Marine  
  66  6:25  Marine x2  
  66  6:26  Widow Mine  
  66  6:32  SCV x2  
  72  6:36  Widow Mine  
  74  6:40  Marine  
  74  6:43  Supply Depot  
  74  6:44  SCV  
  74  6:45  SCV  
  77  6:50  Terran Infantry Armor Level 1  
  77  6:53  Marine  
  78  6:55  Command Center  
  78  7:04  SCV x2, Marine x2, Widow Mine  
  84  7:09  Supply Depot  
  84  7:10  Supply Depot  
  84  7:11  Marine  
  85  7:16  SCV  
  86  7:25  Barracks  
  86  7:28  Barracks  
  86  7:30  SCV x2, Medivac x2, Marine x2  
  86  7:33  Supply Depot  
  86  7:36  Widow Mine  
  96  7:37  Widow Mine  
  96  7:42  SCV  
  96  7:43  Marine  
  100  7:49  Armory  
  101  7:51  SCV  
  101  7:52  Marine  
  101  7:54  SCV  
  103  7:59  Supply Depot  
  103  8:03  SCV, Barracks  
  103  8:05  Supply Depot  
  104  8:06  Marine x2  
  104  8:10  Marine  
  107  8:12  Combat Shields  
  107  8:17  Marine  
  109  8:23  Marine  
  109  8:25  Widow Mine  
  112  8:27  Supply Depot  
  112  8:28  Barracks Reactor  
  112  8:30  Orbital Command  
  112  8:33  Marine x2  
  113  8:42  Barracks  
  113  8:45  Medivac x2  
  117  8:48  Marine  
  117  8:50  Barracks Reactor, Orbital Command  
  117  8:51  Barracks Tech Lab  
  118  8:56  Marine x2  
  118  9:01  Supply Depot  
  120  9:06  Marine  
  121  9:14  Marine  
  121  9:16  Marine x4  
  118  9:24  SCV, Marine  
  96  9:32  Marine  
  96  9:34  Marine x4  
  93  9:42  Marine  
  94  9:46  Marine x2  
  94  9:49  SCV x3  
  94  9:50  Marine  
  94  9:52  Marine x4  
  104  9:57  Barracks  
  104  9:59  Medivac x2  
  108  10:00  Barracks, Marine  
  108  10:01  SCV  
  108  10:04  Marine x2  
  112  10:07  Marine  
  112  10:09  Marine x2  
  112  10:10  Marine x2  
  117  10:18  Barracks Reactor, Marine  
  116  10:21  Marine  
  116  10:22  Marine  
  116  10:25  Starport, Marine  
  116  10:27  Widow Mine x2  
  121  10:28  Marine x3  
  121  10:29  Medivac x2, Terran Infantry Weapons Level 2, Marine  
  121  10:32  Terran Infantry Armor Level 2  
  129  10:47  Marine x3  
  129  10:48  Marine x3  
  129  10:49  Barracks Reactor x2  
  135  10:59  Widow Mine x2  
  135  11:00  Marine  
  135  11:01  Marine x3  
  143  11:05  Marine x6  
  149  11:12  Medivac x2  
  149  11:16  Starport Reactor  
  149  11:18  Marine x3  
  154  11:21  Command Center, Marine  
  157  11:28  Marine  
  157  11:29  Marine  
  157  11:32  Supply Depot  
  149  11:33  Supply Depot  
  149  11:36  Marine  
  149  11:37  Marine x6  
  138  11:46  Marine  
  134  11:47  Marine x5  
  125  12:07  Marine x2  
  122  12:11  Marine x2  
  119  12:22  Liberator x2  
  115  12:23  Liberator x2  
  115  12:29  Marine x8  
  121  12:30  Marine x3  
  121  12:34  Marine  
  121  12:35  Marine x2  
  121  12:36  Concussive Shells  
  126  12:37  Orbital Command  
  138  12:51  Widow Mine x2  
  138  12:56  Terran Infantry Weapons Level 3  
  142  12:59  Terran Infantry Armor Level 3  
  142  13:03  Marine x2  
  142  13:04  Marine  
  142  13:05  Liberator  
  145  13:12  Marine  
  145  13:13  Refinery, Marine  
  145  13:16  Orbital Command  
  145  13:19  Widow Mine  
  150  13:28  Marine  
  150  13:29  Marine x5  
  150  13:30  Widow Mine  
  150  13:31  Starport  
  150  13:32  Sensor Tower  
  157  13:48  Widow Mine  
  157  13:49  Raven  
  157  13:52  Marine x4  
  165  13:58  Refinery, Missile Turret, Widow Mine  
  165  13:59  Refinery, Missile Turret  
  165  14:00  Medivac  
  169  14:05  Medivac  
  169  14:09  Refinery  
  171  14:13  Marine x2  
  171  14:14  Supply Depot  
  173  14:17  Widow Mine  
  173  14:23  Starport Reactor  
  175  14:24  Marine x2  
  175  14:25  Marine  
  175  14:27  Widow Mine  
  180  14:31  Raven  
  180  14:33  Marine x3, Liberator  
  185  14:46  Widow Mine, Marine x6  
  196  15:04  Supply Depot  
  196  15:18  Marine x2  
  196  15:23  Marine  
  196  15:25  Marine x4  
  196  15:26  Marine  
Show
View Real Time Build Order
Export as new Build Order

ILLBdA Protoss 

Build Orders: 1 Gate Expand, Oracle Opening 

Get SALT Encoding   

  12  0:01  Probe (Chrono Boost)  
  13  0:11  Probe (Chrono Boost)  
  14  0:19  Pylon  
  14  0:22  Probe (Chrono Boost)  
  15  0:37  Probe (Chrono Boost)  
  15  0:38  Gateway  
  15  0:42  Assimilator  
  16  0:47  Probe (Chrono Boost)  
  17  0:58  Probe (Chrono Boost)  
  18  1:08  Probe (Chrono Boost)  
  19  1:19  Nexus  
  19  1:23  Probe (Chrono Boost)  
  20  1:34  Probe (Chrono Boost)  
  20  1:35  Cybernetics Core  
  21  1:42  Pylon  
  21  1:49  Assimilator  
  21  1:50  Probe (Chrono Boost)  
  22  2:01  Probe (Chrono Boost)  
  23  2:12  Mothership Core (Chrono Boost), Adept (Chrono Boost)  
  27  2:19  Pylon  
  27  2:22  Warp Gate  
  27  2:32  Probe x2  
  31  2:37  Adept (Chrono Boost)  
  31  2:53  Stargate  
  31  3:00  Probe, Adept (Chrono Boost)  
  31  3:04  Probe  
  35  3:25  Pylon  
  32  3:30  Probe  
  33  3:35  Oracle (Chrono Boost)  
  33  3:38  Probe  
  37  3:42  Probe  
  36  3:50  Pylon  
  36  3:51  Probe (Chrono Boost)  
  38  3:56  Probe (Chrono Boost)  
  38  4:03  Oracle  
  38  4:04  Probe (Chrono Boost)  
  38  4:06  Nexus  
  38  4:07  Pylon  
  42  4:14  Probe (Chrono Boost)  
  42  4:15  Forge  
  42  4:16  Probe (Chrono Boost)  
  44  4:28  Adept  
  46  4:33  Pylon  
  46  4:34  Oracle  
  47  4:38  Probe (Chrono Boost)  
  47  4:39  Probe (Chrono Boost), Assimilator  
  47  4:40  Assimilator  
  51  4:48  Pylon  
  51  4:50  Probe (Chrono Boost)  
  51  4:51  Photon Cannon  
  52  4:55  Photon Cannon  
  52  5:05  Oracle  
  53  5:07  Probe (Chrono Boost)  
  53  5:11  Probe (Chrono Boost)  
  57  5:19  Probe (Chrono Boost)  
  57  5:20  Stargate  
  58  5:22  Probe (Chrono Boost)  
  59  5:29  Stalker  
  59  5:31  Probe (Chrono Boost)  
  61  5:38  Phoenix  
  61  5:53  Probe x2 (Chrono Boost)  
  63  5:59  Stalker  
  65  6:08  Probe (Chrono Boost)  
  65  6:09  Probe (Chrono Boost)  
  65  6:10  Probe (Chrono Boost)  
  68  6:13  Phoenix  
  70  6:21  Phoenix  
  70  6:24  Probe (Chrono Boost)  
  75  6:25  Probe x2 (Chrono Boost)  
  75  6:31  Assimilator  
  75  6:34  Pylon  
  75  6:36  Phoenix  
  75  6:38  Photon Cannon  
  75  6:39  Pylon  
  75  6:45  Probe (Chrono Boost)  
  78  6:48  Phoenix (Chrono Boost)  
  80  6:55  Probe (Chrono Boost)  
  80  6:59  Gateway  
  81  7:02  Gateway, Oracle (Chrono Boost)  
  81  7:06  Probe  
  85  7:08  Assimilator  
  85  7:11  Probe, Pylon  
  86  7:16  Oracle (Chrono Boost)  
  89  7:23  Probe  
  89  7:25  Pylon  
  89  7:27  Photon Cannon  
  90  7:34  Oracle (Chrono Boost)  
  93  7:46  Probe  
  93  7:47  Oracle (Chrono Boost)  
  93  7:49  Gateway  
  93  7:50  Gateway  
  97  7:55  Pylon  
  97  7:59  Probe x2  
  97  8:05  Oracle (Chrono Boost)  
  102  8:14  Fleet Beacon  
  102  8:19  Oracle (Chrono Boost)  
  105  8:31  Stargate  
  105  8:32  Pylon  
  105  8:36  Nexus  
  105  8:38  Pylon  
  105  8:39  Probe  
  106  8:41  Twilight Council  
  106  8:42  Pylon  
  106  8:50  Pylon, Oracle (Chrono Boost)  
  109  8:59  Pylon  
  109  9:00  Oracle (Chrono Boost)  
  109  9:02  Pylon  
  112  9:06  Pylon  
  112  9:09  Pylon  
  102  9:21  Stalker x3  
  85  9:32  Oracle (Chrono Boost)  
  85  9:36  Stalker x2  
  89  9:41  Probe, Oracle (Chrono Boost)  
  95  9:46  Probe  
  95  9:47  Phoenix (Chrono Boost)  
  96  9:53  Gateway x2  
  96  9:55  Gateway  
  96  10:00  Gateway, Probe x2  
  96  10:02  Probe x2  
  96  10:03  Oracle (Chrono Boost)  
  102  10:10  Pylon  
  102  10:14  Probe x2  
  110  10:29  Probe x2  
  110  10:32  Stalker x5  
  122  10:36  Probe  
  122  10:42  Probe  
  121  10:49  Oracle  
  120  10:54  Oracle  
  124  11:07  Oracle  
  127  11:22  Nexus  
  127  11:23  Adept x3  
  127  11:24  Adept x2  
  137  11:32  Stalker x2  
  125  11:39  Oracle  
  111  11:42  Adept  
  111  11:43  Adept  
  111  11:46  Oracle  
  107  11:58  Oracle  
  104  12:02  Adept x2  
  102  12:08  Adept  
  102  12:09  Adept  
  102  12:10  Oracle  
  102  12:15  Adept  
  95  12:25  Oracle  
  98  12:34  Zealot x2  
  98  12:35  Zealot x4  
  110  12:40  Pylon  
  110  12:41  Pylon  
  110  12:46  Charge (Chrono Boost)  
  110  12:50  Oracle  
  113  12:58  Probe  
  113  12:59  Probe  
  113  13:00  Probe  
  113  13:04  Oracle  
  119  13:05  Zealot x2  
  119  13:06  Zealot x6  
  119  13:07  Zealot  
  119  13:11  Oracle  
  139  13:26  Zealot x2  
  143  13:33  Oracle  
  146  13:35  Zealot x3  
  146  13:39  Oracle  
  155  13:42  Probe x2  
  155  13:43  Pylon  
  157  13:50  Zealot, Oracle  
  157  13:51  Pylon  
  157  13:55  Protoss Ground Armor Level 1 (Chrono Boost)  
  162  14:00  Pylon  
  162  14:05  Zealot x2  
  166  14:11  Templar Archives  
  166  14:13  Assimilator  
  166  14:17  Assimilator  
  166  14:20  Oracle  
  166  14:23  Oracle  
  172  14:35  Photon Cannon  
  172  14:36  Pylon  
  172  14:39  Robotics Facility  
  172  14:41  Oracle  
  175  14:46  Photon Cannon  
  175  14:50  Zealot x2  
  179  14:59  High Templar x2  
  183  15:03  Archon  
  183  15:06  Zealot x3  
  168  15:37  Zealot x2  
  168  15:38  Zealot x4  
Tags
 
Add a new tag
Caveats
  • Supply blocks, unpowered buildings, or Contaminate may cause inaccurate times.
  • Supply counts are checked every 10 seconds.